 Dungeon Crawl Stone Soup version 0.32-a0-599-gba8f9cf90e (console) character file.

Game seed: 2216408988827376560

174 Banquo the Covered (level 5, -3/40 HPs)
             Began as a Djinni Fighter on Mar 2, 2024.
             Was a Plaything of Xom.
             Slain by Grinder (9 damage)
             ... on level 3 of the Dungeon.
             The game lasted 00:05:38 (1884 turns).

Banquo the Covered (Djinni Fighter)                 Turns: 1884, Time: 00:05:39

Health: -3/40      AC:  9    Str: 15    XL:     5   Next: 84%
Gold:   120        EV: 10    Int: 11    God:    Xom [..*...] SH: 10 Dex: 13

rFire   + + +        a - +0 war axe
rCold   x . .        c - +0 buckler
rNeg    . . .        A - +3 leather armour {rF+}
rPois   ∞            (no helmet)
rElec   .            s - +1 cloak
rCorr   .            w - +0 pair of gloves
SInv    +            (boots unavailable)
Will    .....        l - amulet of reflection
Stlth   +            S - ring of see invisible
HPRegen 0.26/turn    (no ring)
MPRegen 0.00/turn

%: reflection, infuse magic (-4 HP)
@: flying
A: sickness immunity, fire resistance 2, cold vulnerability 1, float, innate
caster, HP casting, extra vitality 1
a: Renounce Religion


You were on level 3 of the Dungeon.
You worshipped Xom.
You were a toy of Xom.
You visited 1 branch of the dungeon, and saw 3 of its levels.

You collected 120 gold pieces.

Inventory:

Hand Weapons
 a - a +0 war axe (weapon)
 f - a +2 dagger of speed
 y - a +0 spear
 z - a +2 flail of protection
Missiles
 n - 28 stones
Armour
 b - a +0 scale mail
 c - a +0 buckler (worn)
 s - a +1 cloak (worn)
 w - a +0 pair of gloves (worn)
 x - a +0 robe of resistance
 A - a +3 leather armour of fire resistance (worn)
Magical Staves
 v - a staff of earth
Jewellery
 l - an amulet of reflection (around neck)
 S - a ring of see invisible (left hand)
Scrolls
 e - a scroll of fear {unknown}
 h - 2 scrolls of revelation {unknown}
 m - 2 scrolls of noise {unknown}
 o - a scroll of identify {unknown}
 p - a scroll of blinking {unknown}
 q - a scroll of fog {unknown}
 r - 2 scrolls of teleportation {unknown}
 t - a scroll of vulnerability {unknown}
 C - a scroll of torment {unknown}
Potions
 d - a potion of might
 g - a potion of curing {unknown}
 i - 2 potions of heal wounds {unknown}
 j - a potion of resistance {unknown}
 k - a potion of enlightenment {unknown}
 u - 2 potions of lignification {unknown}
 B - a potion of invisibility {unknown}


   Skills:
 + Level 3.4 Fighting
 * Level 3.4 Axes
 + Level 3.5 Armour
 + Level 0.4 Dodging
 + Level 3.4 Shields
 * Level 0.8 Spellcasting
 * Level 0.8 Conjurations
 * Level 0.8 Hexes
 * Level 0.8 Summonings
 * Level 0.8 Necromancy
 * Level 0.8 Translocations
 * Level 0.8 Fire Magic
 * Level 0.8 Ice Magic
 * Level 0.8 Air Magic
 * Level 0.8 Earth Magic
 * Level 0.8 Alchemy


You knew the following spells:

 Your Spells              Type           Power      Damage    Failure   Level
a - Sting                 Conj/Alch      8%         1d3       36%         1
b - Searing Ray           Conj           4%         2d4       50%         2
Your spell library was empty.

Dungeon Overview and Level Annotations

Branches:
Dungeon (3/15)

Altars:
Xom

Annotations:
D:3 Grinder, Natasha


Innate Abilities, Weirdness & Mutations

You are immune to sickness and miasma.
You are immune to poison.
Your flesh is very heat resistant. (rF++)
You are vulnerable to cold. (rC-)
You float through the air rather than walking.
You learn spells naturally, not from books.
Your magical power is your life essence.
You have superior vitality. (+4 MHP)


Message History

You can move again.
Unknown command.
Unknown command.
You hit Grinder.
Grinder is lightly wounded.
Grinder barely misses you. You block Grinder's attack.
You closely miss Grinder.
Grinder is lightly wounded.
Grinder gestures at you. Pain shoots through your body!
You barely miss Grinder.
Grinder is lightly wounded.
Grinder zaps a wand.
The puff of flame hits you. You resist. Grinder closely misses you.
You barely miss Grinder.
Grinder is lightly wounded.
Grinder hits you.
* * * LOW HITPOINT WARNING * * *
You writhe in agony.
* * * LOW HITPOINT WARNING * * *
Unknown command.
You hit Grinder.
Grinder is lightly wounded.
Grinder closely misses you.
You hit Grinder.
Grinder is moderately wounded.
Grinder gestures at you.
You suddenly lose the ability to move!
Grinder zaps a wand.
The puff of flame hits you but does no damage.
You resist. Xom grants you insight.
You detect nothing.
Grinder hits you.
* * * LOW HITPOINT WARNING * * *
You can move again.
You slash Grinder!
Grinder is heavily wounded.
Grinder hits you!
You die...
Grinder sighs, "Dead already?
I want a refund."
Xom roars with laughter!

######## ..
#..[...# ...
#......#
...###......#
............#
............#
#......5....#
#......@....#
#.......########
+.......'.....>#
#.....?.######.#
#.....).# #.#
#.......# #.#
#.......# #.#
#.......# #.#
######### #.#


You could see Grinder.

Vanquished Creatures
  A gnoll bouda (D:3)
  An iguana (D:3)
  5 gnolls
  An adder (D:2)
  A dart slug (D:2)
  5 orcs (D:3)
  3 ball pythons
  6 bats
  9 endoplasms
  3 giant cockroaches
  9 goblins
  2 hobgoblins (D:2)
  6 kobolds
  A quokka (D:2)
  A frilled lizard (D:1)
  3 rats
57 creatures vanquished.

Notes
Turn   | Place    | Note
-------+----------+-------------------------------------------
     0 | D:1      | Banquo the Djinni Fighter began the quest for the Orb.
     0 | D:1      | Reached XP level 1. HP: 20/20 MP: 0/0
    27 | D:1      | Reached XP level 2. HP: 13/25 MP: 0/0
   507 | D:1      | Reached XP level 3. HP: 23/30 MP: 0/0
   507 | D:1      | Learned a level 1 spell: Sting
  1154 | D:2      | Reached XP level 4. HP: 34/35 MP: 0/0
  1225 | D:2      | Found a faded altar of an unknown god.
  1225 | D:2      | Noticed an eye of devastation
  1228 | D:2      | Noticed an eye of devastation
  1233 | D:2      | Noticed a golden eye
  1238 | D:2      | Noticed a great orb of eyes
  1248 | D:2      | Prayed at the altar of an unknown god.
  1248 | D:2      | Became a worshipper of Xom of Chaos
  1372 | D:3      | XOM: cast spell 'Fugue of the Fallen'
  1392 | D:3      | Reached XP level 5. HP: 22/40 MP: 0/0
  1392 | D:3      | Learned a level 2 spell: Searing Ray
  1576 | D:3      | XOM: cloud trail
  1673 | D:3      | Noticed Natasha
  1733 | D:3      | XOM: cloud trail
  1865 | D:3      | Noticed Grinder
  1873 | D:3      | Paralysed by Grinder for 4 turns
  1874 | D:3      | XOM: silly message
  1882 | D:3      | Paralysed by Grinder for 2 turns
  1883 | D:3      | XOM: divination: detect items
  1884 | D:3      | Slain by Grinder

Illustrated notes

Levels and vault maps discovered:
D:1:      shiori_arrival_oz, layout_loops_ring
D:2:      layout_rooms, hellmonk_ecumenical_altar_watching_god,
          serial_bayou_crossing
D:3:      layout_basic, fedhas_altar_3, uniq_natasha, uniq_robin, uniq_grinder

Skill      XL: |  1  2  3  4  5 |
---------------+----------------+-----
Axes           | 2 3 |  3.4
Fighting       | |  3.4
Armour         | |  3.5
Dodging        | |  0.4
Shields        | |  3.4
Spellcasting   | |  0.8
Conjurations   | |  0.8
Hexes          | |  0.8
Summonings     | |  0.8
Necromancy     | |  0.8
Translocations | |  0.8
Fire Magic     | |  0.8
Ice Magic      | |  0.8
Air Magic      | |  0.8
Earth Magic    | |  0.8
Alchemy        | |  0.8

Action                     |  1- 3 |  4- 6 || total
---------------------------+-------+-------++-------
  Melee: War axe           |    79 |    82 ||   161
   Cast: Sting             |       |     2 ||     2
 Armour: Scale mail        |    57 |    43 ||   100
         Leather armour    |       |    25 ||    25
  Dodge: Dodged            |    26 |    32 ||    58
  Block: Buckler           |    37 |    48 ||    85
         Reflection        |     5 |     1 ||     6

Table legend: (Time is in decaauts)
 A = Elapsed time spent in this place.
 B = Non-inter-level travel time spent in this place.
 C = Inter-level travel time spent in this place.
 D = Time resting spent in this place.
 E = Time spent auto-exploring this place.
 F = Levels seen in this place.
 G = Mean time per level.
                   A        B        C        D        E       F      G
               +--------+--------+--------+--------+--------+-----+--------+
         Total |   1952 |   1783 |    169 |     80 |   1154 |   3 |  650.7 |
       Dungeon |   1952 |   1783 |    169 |     80 |   1154 |   3 |  650.7 |
               +--------+--------+--------+--------+--------+-----+--------+

Top non-repeatable levels by time:
     D:1: 974 daAuts
     D:2: 514 daAuts
     D:3: 464 daAuts
